 Dungeon Crawl Stone Soup version 0.30-a0-972-gf3ab3527aa (webtiles) character file.

Game seed: 15428880949601700634

1126 vishdafish the Conjurer (level 8, -2/42 (52) HPs)
             Began as a Demonspawn Conjurer on Mar 31, 2023.
             Slain by a wight
             ... wielding a +3 great sword
              (16 damage)
             ... on level 5 of the Dungeon.
             The game lasted 00:04:30 (4789 turns).

vishdafish the Conjurer (Demonspawn Conjurer)       Turns: 4789, Time: 00:04:31

HP:   -2/42 (52)    AC:  6    Str:  9    XL:     8   Next: 13%
MP:   17/17         EV: 12    Int: 21    God:
Gold: 365           SH:  0    Dex: 11    Spells: 19/20 levels left

rFire   . . .      SeeInvis .    s - +1 rapier (venom)
rCold   . . .      Faith    .    h - orb {*Rage}
rNeg    . . .      Spirit   .    a - +0 robe
rPois   .          Reflect  .    (helmet restricted)
rElec   .          Rampage  .    (no cloak)
rCorr   .          Rage     20%  F - +0 pair of gloves
Will    .....                    (no boots)
Stlth   ++                       n - amulet of regeneration
HPRegen 1.07/turn                c - ring of flight
MPRegen 0.15/turn                (no ring)

@: flying, heavily drained
A: antennae 1, sharp scales 3
a: no special abilities


You were on level 5 of the Dungeon.
You visited 1 branch of the dungeon, and saw 6 of its levels.

You collected 365 gold pieces.

Inventory:

Hand Weapons
 s - a +1 rapier of venom (weapon)
Armour
 a - a +0 robe (worn)
 h - an orb of wrath (worn)
 F - a +0 pair of gloves (worn)
Jewellery
 c - a ring of flight (left hand)
 n - an amulet of regeneration (around neck)
 r - an amulet of magic regeneration
 w - a ring of fire
 D - an amulet of faith
Wands
 m - a wand of charming (6)
Scrolls
 f - a scroll of amnesia {unknown}
 j - 3 scrolls of teleportation {unknown}
 k - 7 scrolls of identify {unknown}
 l - a scroll of fog {unknown}
 o - 2 scrolls of brand weapon {unknown}
 p - 2 scrolls of poison {unknown}
 t - 2 scrolls of acquirement {unknown}
 u - 2 scrolls of fear {unknown}
 x - a scroll of enchant weapon {unknown}
 y - a scroll of butterflies {unknown}
 A - a scroll of enchant armour {unknown}
 B - a scroll of magic mapping {unknown}
 C - a scroll of noise {unknown}
 E - a scroll of vulnerability {unknown}
Potions
 b - 4 potions of magic
 e - 4 potions of heal wounds {unknown}
 g - 3 potions of brilliance {unknown}
 i - a potion of flight {unknown}
 q - a potion of mutation {unknown}
 v - a potion of degeneration {unknown}
 z - a potion of cancellation {unknown}


   Skills:
 - Level 1.7 Dodging
 - Level 1.7 Stealth
 + Level 6.5 Spellcasting
 + Level 7.9 Conjurations


You had 19 spell levels left.
You knew the following spells:

 Your Spells              Type           Power      Damage    Failure   Level
a - Magic Dart            Conj           100%       1d8       1%          1

Your spell library contained the following spells:

 Spells                   Type           Power      Damage    Failure   Level
 Kiss of Death            Conj/Necr      92%        2d12      1%          1
 Searing Ray              Conj           80%        2d7       1%          2
 Momentum Strike          Conj/Tloc      46%        3d9       2%          2
 Dazzling Flash           Conj/Hex       46%        N/A       5%          3
 Slow                     Hex            24%        N/A       10%         1
 Blink                    Tloc           12%        N/A       14%         2
 Lesser Beckoning         Tloc           12%        N/A       14%         2
 Fulminant Prism          Conj/Hex       11%        3d8       19%         4
 Iskenderun's Mystic Bla  Conj/Tloc      23%        2d6       19%         4
 Confusing Touch          Hex            6%         N/A       28%         3
 Vampiric Draining        Necr           6%         2d6       28%         3
 Dispel Undead            Necr           6%         3d8       67%         4


Dungeon Overview and Level Annotations

Branches:
Dungeon (6/15)
 Temple: D:4-7

Altars:
Okawaru
Trog
Wu Jian
Xom

Shops:
D:2 [   D:3 (


Innate Abilities, Weirdness & Mutations

You have a pair of small antennae on your head.
You are completely covered in razor-sharp scales. (AC +3, Slay +3)


Message History

The wight barely misses you. The wight hits you but does no damage.
The wight misses you. The wight barely misses you. x2
The wight attacks as you move away! The wight closely misses you.
The wight attacks as you move away! The wight misses you.
The wight attacks as you move away!
The wight hits you with a +3 great sword!
You feel drained.
There is a stone staircase leading up here.
You fly upwards.
There is a stone staircase leading down here.
You hit the wight.
The wight is lightly damaged.
The wight hits you with a +3 great sword!
You feel drained. The wight closely misses you.
You are too injured to fight recklessly!
You are too injured to fight recklessly!
You are too injured to fight recklessly!
You hit the wight.
The wight is moderately damaged.
The wight hits you with a +3 great sword!
* * * LOW HITPOINT WARNING * * *
You feel drained.
* * * LOW HITPOINT WARNING * * *
You feel better. The wight barely misses you.
You feel better.
The wight hits you with a +3 great sword.
You feel drained.
You hit the wight but do no damage.
The wight is moderately damaged.
The wight hits you with a +3 great sword!
* * * LOW HITPOINT WARNING * * *
You hit the wight.
The wight is moderately damaged.
The wight closely misses you.
You feel better. The wight barely misses you.
You barely miss the wight.
The wight is moderately damaged.
The wight hits you with a +3 great sword!
You die...

### #.# #.#
#.##### ###.....#
....###.# #####
#.#
#######.##########
................@#
.......#.#######z#
##..##.#.# #.#
.#..##.#.# #.#
.#.......# #.#
.#.###...# #.#
.#.###.#.### #.#
...#.......# #.#
##.###.#.##### #.#


You could see a wight.

Vanquished Creatures
  Grinder (D:3)
  An acid dragon (D:5)
  An ice beast (D:5)
  An ogre (D:4)
  4 scorpions
  2 jellies
  3 hounds
  An iguana (D:6)
  2 orc wizards (D:6)
  3 gnolls (D:4)
  7 adders
  A shadow imp (D:6)
  A white imp (D:5)
  An ufetubus (D:5)
  3 worms
  4 dart slugs
  3 orcs
  2 endoplasms
  2 giant cockroaches (D:4)
  7 goblins
  6 hobgoblins
  8 kobolds
  3 quokkas
  6 ball pythons
  2 bats (D:2)
  25 rats
100 creatures vanquished.

Notes
Turn   | Place    | Note
-------+----------+-------------------------------------------
     0 | D:1      | vishdafish the Demonspawn Conjurer began the quest for the
                  | Orb.
     0 | D:1      | Reached XP level 1. HP: 13/13 MP: 3/3
   190 | D:1      | Gained mutation: You are partially covered in razor-sharp
                  | scales. (AC +1, Slay +1) [demonic ancestry]
   190 | D:1      | Reached XP level 2. HP: 14/19 MP: 0/5
   873 | D:2      | Reached XP level 3. HP: 24/24 MP: 1/7
   973 | D:2      | Found Vialuq's Armour Boutique.
  1761 | D:3      | Found a shimmering altar of Xom.
  1776 | D:3      | Noticed an angel
  1985 | D:3      | Gained mutation: You are mostly covered in razor-sharp
                  | scales. (AC +2, Slay +2) [demonic ancestry]
  1985 | D:3      | Reached XP level 4. HP: 30/30 MP: 8/8
  2062 | D:3      | Noticed Grinder
  2094 | D:3      | Killed Grinder
  2095 | D:3      | Reached skill level 5 in Conjurations
  2095 | D:3      | Gained mutation: You have a pair of small antennae on your
                  | head. [demonic ancestry]
  2095 | D:3      | Reached XP level 5. HP: 35/35 MP: 3/11
  2162 | D:3      | Found Ytucket's Antique Weapon Emporium.
  2192 | D:3      | Reached XP level 6. HP: 41/41 MP: 12/12
  2749 | D:4      | Reached skill level 6 in Conjurations
  2908 | D:4      | Found a bloodstained altar of Trog.
  3173 | D:4      | Identified the +1 war axe of Owumepn {heavy, rF+ rN+ Str+3
                  | Int-2}
  3372 | D:4      | Found an ornate altar of the Wu Jian Council.
  3497 | D:4      | Reached skill level 5 in Spellcasting
  3584 | D:5      | Entered Level 5 of the Dungeon
  3600 | D:5      | Reached XP level 7. HP: 45/46 MP: 4/14
  3807 | D:5      | Reached skill level 7 in Conjurations
  4455 | D:6      | Gained mutation: You are completely covered in razor-sharp
                  | scales. (AC +3, Slay +3) [demonic ancestry]
  4455 | D:6      | Reached XP level 8. HP: 52/52 MP: 12/17
  4560 | D:6      | Found an iron altar of Okawaru.
  4786 | D:5      | HP: 1/42 [wight/+3 great sword (15)]
  4789 | D:5      | Slain by a wight

Illustrated notes

Levels and vault maps discovered:
D:1:      ebering_trefoil_3fold, layout_rooms
D:2:      layout_rooms, serial_shops, nicolae_shop_waterfront, minmay_rat_hole
D:3:      layout_basic, grunt_temple_overflow_order_and_chaos_1, serial_shops,
          nicolae_shop_hallway_plus, grunt_ministairs_6,
          kennysheep_generic_room_11, uniq_grinder
D:4:      layout_basic, trog_three_pillars_becter, nzn_wu_jian_contemplation,
          minmay_misc_feat_nine_boxes
D:5:      layout_basic
D:6:      layout_cave_pools, kennysheep_okawaru_gauntlet, vehumet_statue,
          serial_glass, glass_columns_b, glass_columns_a, minmay_quadrilaterals

Skill      XL: |  1  2  3  4  5  6  7 |
---------------+----------------------+-----
Spellcasting   | 3 4 5 6 |  6.5
Conjurations   | 5 6 7 |  7.9
Dodging        | |  1.7
Stealth        | |  1.7

Action                     |  1- 3 |  4- 6 |  7- 9 || total
---------------------------+-------+-------+-------++-------
  Melee: Unarmed           |    34 |       |       ||    34
         Rapier            |     2 |    22 |    43 ||    67
   Cast: Magic Dart        |    87 |    60 |    49 ||   196
    Use: Potion            |       |       |     5 ||     5
 Armour: Robe              |     5 |     4 |    12 ||    21
  Dodge: Dodged            |    27 |    24 |    52 ||   103

Table legend: (Time is in decaauts)
 A = Elapsed time spent in this place.
 B = Non-inter-level travel time spent in this place.
 C = Inter-level travel time spent in this place.
 D = Time resting spent in this place.
 E = Time spent auto-exploring this place.
 F = Levels seen in this place.
 G = Mean time per level.
                   A        B        C        D        E       F      G
               +--------+--------+--------+--------+--------+-----+--------+
         Total |   4928 |   4826 |    102 |    332 |   3866 |   6 |  821.3 |
       Dungeon |   4928 |   4826 |    102 |    332 |   3866 |   6 |  821.3 |
               +--------+--------+--------+--------+--------+-----+--------+

Top non-repeatable levels by time:
     D:3: 1020 daAuts
     D:4: 930 daAuts
     D:1: 891 daAuts
     D:5: 882 daAuts
     D:2: 838 daAuts
     D:6: 364 daAuts
